 Dungeon Crawl Stone Soup version 0.30-a0-760-g5a9884bb7c (webtiles) character file.

Game seed: 5695707843186266984

81 hurflehork the Trooper (level 4, 0/37 HPs)
             Began as a Human Berserker on Feb 11, 2023.
             Was a Follower of Trog.
             Slain by an orc wizard
             ... wielding a +0 dagger
              (2 damage)
             ... on level 3 of the Dungeon.
             The game lasted 00:21:46 (2445 turns).

hurflehork the Trooper (Human Berserker)            Turns: 2445, Time: 00:21:47

Health: 0/37       AC:  6    Str: 19    XL:     4   Next: 68%
Magic:  4/4        EV:  8    Int:  7    God:    Trog [*.....]
Gold:   84         SH:  0    Dex: 13    Spells: 3/3 levels left

rFire   . . .      SeeInvis .    p - +0 war axe
rCold   . . .      Faith    .    q - +0 tower shield
rNeg    . . .      Spirit   .    m - +0 leather armour
rPois   .          Reflect  .    k - +2 helmet
rElec   .          Harm     .    (no cloak)
rCorr   .          Rampage  .    (no gloves)
Will    .....                    (no boots)
Stlth   +                        (no amulet)
HPRegen 0.26/turn                (no ring)
MPRegen 0.09/turn                (no ring)

@: confused, mighty, on berserk cooldown, slowed, very slow
A: no striking features
a: Renounce Religion, Berserk


You were on level 3 of the Dungeon.
You worshipped Trog.
Trog was aware of your devotion.
You visited 1 branch of the dungeon, and saw 3 of its levels.

You collected 84 gold pieces.

Inventory:

Hand Weapons
 a - a +0 mace
 c - a +0 club
 e - a +0 short sword
 p - a +0 war axe (weapon)
Missiles
 h - 21 stones (quivered)
Armour
 k - a +2 helmet (worn)
 m - a +0 leather armour (worn)
 q - a +0 tower shield (worn)
Scrolls
 d - 2 scrolls of teleportation {unknown}
 f - a scroll of immolation {unknown}
 i - 2 scrolls of identify {unknown}
 l - a scroll of blinking {unknown}
 n - a scroll of enchant armour {unknown}
Potions
 b - a potion of brilliance {unknown}
 g - 3 potions of heal wounds {unknown}
 o - a potion of resistance {unknown}


   Skills:
 + Level 3.7 Fighting
 + Level 1.1(2.4) Axes
 + Level 3.4(3.6) Maces & Flails
 + Level 2.2 Armour
 + Level 2.7 Dodging
 + Level 0.1 Stealth
 + Level 0.2 Shields


You had 3 spell levels left.
You didn't know any spells.
Your spell library contained the following spells:

 Spells                   Type           Power      Damage    Failure   Level
 Shock                    Conj/Air       0%         1d3       100%        1
 Swiftness                Air            0%         N/A       100%        3
 Airstrike                Air            0%         2d(0-16)  100%        4


Dungeon Overview and Level Annotations

Branches:
Dungeon (3/15)

Altars:
Qazlal

Shops:
D:1 ([:!*


Message History

The orc hits you with a +2 falchion of holy wrath.
You slash the orc!
You kill the orc!
Trog accepts your kill.
A magic dart appears from out of thin air!
The magic dart hits something.
Something hits you but does no damage.
You miss something.
Something hits you but does no damage. x3
You barely miss something. Something hits you but does no damage.
You hear some strange, mumbled words.
A magic dart appears from out of thin air!
The magic dart hits you!
* * * LOW HITPOINT WARNING * * *
A magic dart appears from out of thin air!
The magic dart hits something.
Reactivating autopickup.
You feel a bit more experienced.
Your base Axes skill increases to level 1!
Deactivating autopickup; reactivate with Ctrl-A.
You miss something. You block something's attack.
Something hits you but does no damage. Something hits you.
* * * LOW HITPOINT WARNING * * *
You miss something.
Something hits you but does no damage. x2
You hit something. Something hits you but does no damage.
You hear some strange, mumbled words.
A magic dart appears from out of thin air!
The magic dart hits you.
* * * LOW HITPOINT WARNING * * *
Something hits you.
* * * LOW HITPOINT WARNING * * *
You barely miss something. Something hits you.
* * * LOW HITPOINT WARNING * * *
Something hits you but does no damage.
You hear some strange, mumbled words.
You are confused.
You bump into the rock wall.
Something hits you.
* * * LOW HITPOINT WARNING * * *
It was a potion of might.
You feel very mighty all of a sudden. Something completely misses you.
Something hits you.
You die...

##########...#
####..#
#.....#
#.##.## # #.#
#r# #o# #{#
#@# #.# #.#
#.# #.# #.#
#.# #.# #.#


You could see an orc and a rat.

Vanquished Creatures
  An adder (D:2)
  A white imp (D:3)
  2 dart slugs
  2 orcs (D:3)
  6 ball pythons
  An endoplasm (D:1)
  A giant cockroach (D:1)
  5 goblins
  A hobgoblin (D:3)
  4 jackals
  3 kobolds
  6 bats
  A frilled lizard (D:2)
  5 rats
39 creatures vanquished.

Vanquished Creatures (others)
  An orc wizard (D:3)
1 creature vanquished.

Grand Total: 40 creatures vanquished

Notes
Turn   | Place    | Note
-------+----------+-------------------------------------------
     0 | D:1      | hurflehork the Human Berserker began the quest for the Orb.
     0 | D:1      | Reached XP level 1. HP: 18/18 MP: 1/1
    22 | D:1      | Found Inenetruy's Armour Shop.
    75 | D:1      | Found Ciasu's Weapon Shop.
   211 | D:1      | Reached XP level 2. HP: 15/24 MP: 2/2
   372 | D:1      | Found Mudox's Book Shop.
   476 | D:1      | Found Bupnydink's Distillery.
   478 | D:1      | Found Papefek's Assorted Antiques.
   870 | D:1      | Reached XP level 3. HP: 29/29 MP: 3/3
  2007 | D:3      | Reached XP level 4. HP: 14/37 MP: 4/4
  2238 | D:3      | Found a stormy altar of Qazlal.
  2438 | D:3      | Reached skill level 1 in Axes
  2444 | D:3      | HP: 1/37 [something (1)]
  2445 | D:3      | Slain by an orc wizard

Illustrated notes

Levels and vault maps discovered:
D:1:      ebering_trefoil_3fold, layout_loops_corners, serial_shops,
          nicolae_diamond_shop, shop, shop, nicolae_shop_stone,
          nicolae_shop_waterfront, minmay_crystal_water
D:2:      layout_basic, uniq_jessica
D:3:      layout_basic, grunt_qazlal_clouds

Skill      XL: |  1  2  3  4 |
---------------+-------------+-----
Axes           | 1 |  1.1
Fighting       | |  3.7
Maces & Flails | |  3.4
Armour         | |  2.2
Dodging        | |  2.7
Stealth        | |  0.1
Shields        | |  0.2

Action                     |  1- 3 |  4- 6 || total
---------------------------+-------+-------++-------
  Melee: Mace              |    45 |       ||    45
         Punch             |     2 |       ||     2
         War axe           |    32 |    37 ||    69
 Invoke: Berserk           |       |     1 ||     1
    Use: Potion            |       |     1 ||     1
   Stab: Sleeping          |     1 |       ||     1
 Armour: Animal skin       |     6 |       ||     6
         Leather armour    |    18 |    29 ||    47
  Dodge: Dodged            |    59 |    15 ||    74
  Block: Tower shield      |       |    18 ||    18

Table legend: (Time is in decaauts)
 A = Elapsed time spent in this place.
 B = Non-inter-level travel time spent in this place.
 C = Inter-level travel time spent in this place.
 D = Time resting spent in this place.
 E = Time spent auto-exploring this place.
 F = Levels seen in this place.
 G = Mean time per level.
                   A        B        C        D        E       F      G
               +--------+--------+--------+--------+--------+-----+--------+
         Total |   2504 |    687 |   1817 |      0 |    136 |   3 |  834.7 |
       Dungeon |   2504 |    687 |   1817 |      0 |    136 |   3 |  834.7 |
               +--------+--------+--------+--------+--------+-----+--------+

Top non-repeatable levels by time:
     D:1: 1229 daAuts
     D:2: 791 daAuts
     D:3: 483 daAuts
